 Dungeon Crawl Stone Soup version 0.22-a0-877-g5c4e1af (webtiles) character file.

998 prawnwizard the Slasher (level 8, -1/62 HPs)
             Began as a Demonspawn Gladiator on July 29, 2018.
             Slain by a two-headed ogre
             ... wielding a cursed +0 giant club
              (11 damage)
             ... on level 6 of the Dungeon.
             The game lasted 00:05:16 (5887 turns).

prawnwizard the Slasher (Demonspawn Gladiator)      Turns: 5887, Time: 00:05:17

Health: -1/62      AC:  7    Str: 16    XL:     8   Next: 0%
Magic:  8/8        EV: 13    Int: 10    God:
Gold:   269        SH:  0    Dex: 15    Spells: 7/7 levels left

rFire    + . .     SeeInvis .   a - +0 long sword
rCold    . . .     Gourm    .   (no shield)
rNeg     . . .     Faith    .   g - +0 ring mail
rPois    .         Spirit   .   c - +0 helmet
rElec    .         Reflect  .   (no cloak)
rCorr    .         Harm     .   (no gloves)
MR       +....                  (no boots)
Stlth    +.........             (no amulet)
HPRegen  0.20/turn              p - ring of protection from magic
MPRegen  0.11/turn              t - ring of protection from fire

@: no status effects
A: hooves 2, rugged brown scales 1, nightstalker 1
a: no special abilities


You were on level 6 of the Dungeon.
You were not hungry.

You visited 1 branch of the dungeon, and saw 6 of its levels.

You collected 269 gold pieces.

Inventory:

Hand Weapons
 a - a +0 long sword (weapon)
Missiles
 d - 3 throwing nets (quivered)
Armour
 b - a +0 leather armour
 c - a +0 helmet (worn)
 g - a +0 ring mail (worn)
Jewellery
 j - an uncursed ring of positive energy
 p - a ring of protection from magic (left hand)
 t - a ring of protection from fire (right hand)
Scrolls
 h - 8 scrolls of remove curse
 l - 4 scrolls of blinking {unknown}
 n - 5 scrolls of identify {unknown}
 s - 4 scrolls of amnesia {unknown}
 u - 3 scrolls of enchant armour {unknown}
 x - 4 scrolls of teleportation {unknown}
 y - a scroll of enchant weapon {unknown}
 B - a scroll of random uselessness {unknown}
 C - a scroll of magic mapping {unknown}
Potions
 e - 2 potions of flight {unknown}
 i - 3 potions of curing {unknown}
 k - 3 potions of ambrosia {unknown}
 m - a potion of lignification {unknown}
 o - 2 potions of degeneration {unknown}
 q - 3 potions of heal wounds {unknown}
 r - 3 potions of brilliance {unknown}
 v - 2 potions of might {unknown}
 w - 2 potions of berserk rage {unknown}
 z - 2 potions of haste {unknown}
 A - a potion of cancellation {unknown}
Comestibles
 f - 9 rations
 D - 8 chunks of flesh


   Skills:
 + Level 4.9 Fighting
 * Level 6.5 Long Blades
 - Level 1.7 Throwing
 + Level 4.9 Dodging


You had 7 spell levels left.
You didn't know any spells.
Your spell library was empty.

Dungeon Overview and Level Annotations

Branches:
Dungeon (6/15)             Temple (0/1) D:6

Altars:
Ashenzari
Dithmenos
Makhleb
Sif Muna
Wu Jian
Xom


Innate Abilities, Weirdness & Mutations

You have hoof-like feet.
You are partially covered in rugged brown scales. (AC +1, +3% HP)
You are slightly more attuned to the shadows.


Message History

D - 8 chunks of flesh (gained 3)
You see here a hound skeleton. x2
You now have 261 gold pieces (gained 11).
h - 8 scrolls of remove curse (gained 1)
Found a club.
Found a stone staircase leading up.
f - 9 rations (gained 1)
You now have 269 gold pieces (gained 8).
A two-headed ogre comes into view. It is wielding two giant clubs.
The two-headed ogre shouts in stereo!
Found a stone staircase leading up.
A two-headed ogre is nearby!
You hit the two-headed ogre.
The two-headed ogre is lightly wounded.
The two-headed ogre hits you with a giant club!!
The two-headed ogre hits you with a giant club!
* * * LOW HITPOINT WARNING * * *
There is a stone staircase leading up here.
The two-headed ogre hits you with a giant club!
You die...

#.#....##. ........)##
....##...... ### #####
##.#... .. #..##. #.##
########.... ..#
#.......>... #.##
#........... #@.##
#..........# #####
##O.###..........# #...#
##.##......÷....#
#...######.#....#...#....
#...............#.⌠.#...#
#...#######.#.###...###.#
#.........#.#.....(.. ..
####......#)#..⌠..>..⌠ #
..<...#.#..........


You could see a two-headed ogre.

Vanquished Creatures
  An ogre (D:6)
  A phantom (D:6)
  3 bullfrogs
  A scorpion (D:4)
  A howler monkey (D:4)
  2 crimson imps (D:6)
  A bullfrog zombie (D:6)
  2 hounds
  A jelly (D:5)
  Jessica (D:2)
  2 worker ants
  3 orc wizards (D:4)
  5 gnolls
  7 adders
  4 worms
  3 dart slugs
  3 leopard geckos
  9 orcs
  2 giant cockroaches (D:1)
  8 goblins
  8 hobgoblins
  4 jackals (D:2)
  2 kobolds
  2 quokkas
  2 ball pythons
  3 bats
  5 frilled lizards
  A jackal zombie (D:5)
  A leopard gecko zombie (D:6)
  10 rats
98 creatures vanquished.

Notes
Turn   | Place    | Note
-------+----------+-------------------------------------------
     0 | D:1      | prawnwizard the Demonspawn Gladiator began the quest for the Orb.
     0 | D:1      | Reached XP level 1. HP: 16/16 MP: 1/1
    61 | D:1      | Reached skill level 3 in Long Blades
    63 | D:1      | Gained mutation: You have large cloven feet. [demonic ancestry]
    63 | D:1      | Reached XP level 2. HP: 11/22 MP: 2/2
   637 | D:1      | Gained mutation: You are slightly more attuned to the shadows. [demonic ancestry]
   637 | D:1      | Reached XP level 3. HP: 27/28 MP: 3/3
   955 | D:2      | Noticed Jessica
   961 | D:2      | Killed Jessica
  1303 | D:2      | Reached XP level 4. HP: 21/34 MP: 4/4
  1594 | D:2      | Found a shattered altar of Ashenzari.
  1888 | D:2      | Reached skill level 4 in Long Blades
  2481 | D:3      | Noticed a bullfrog
  2487 | D:3      | Killed a bullfrog
  2487 | D:3      | Reached XP level 5. HP: 37/41 MP: 5/5
  2695 | D:3      | Found a burning altar of Makhleb.
  3001 | D:4      | Gained mutation: You are partially covered in rugged brown scales. (AC +1, +3% HP) [demonic ancestry]
  3001 | D:4      | Reached XP level 6. HP: 26/48 MP: 6/6
  3452 | D:4      | Found an ornate altar of the Wu Jian Council.
  3516 | D:4      | Reached skill level 5 in Long Blades
  3552 | D:4      | HP: 2/49 [poisoned by a scorpion]
  4544 | D:5      | Entered Level 5 of the Dungeon
  4823 | D:5      | Gained mutation: You have hoof-like feet. [demonic ancestry]
  4823 | D:5      | Reached XP level 7. HP: 55/55 MP: 7/7
  5188 | D:5      | Found a shimmering altar of Xom.
  5189 | D:5      | Found a burning altar of Makhleb.
  5189 | D:5      | Found an ancient bone altar of Kikubaaqudgha.
  5192 | D:5      | Found an iron altar of Okawaru.
  5192 | D:5      | Found a blossoming altar of Fedhas.
  5192 | D:5      | Found a white marble altar of Elyvilon.
  5431 | D:6      | Found a shadowy altar of Dithmenos.
  5715 | D:6      | Reached skill level 6 in Long Blades
  5812 | D:6      | Found a deep blue altar of Sif Muna.
  5846 | D:6      | Found a staircase to the Ecumenical Temple.
  5849 | D:6      | Reached XP level 8. HP: 37/62 MP: 8/8
  5873 | D:6      | Noticed a two-headed ogre
  5887 | D:6      | Slain by a two-headed ogre

Vault maps used:
D:1:      minmay_arrival_semitransparent, minmay_misc_feat_more_columns
D:2:      ashenzari_conservatory_becter, uniq_jessica
D:3:      lemuel_round_altar
D:4:      lemuel_crystal_altar, first_ration
D:5:      kennysheep_spiral_hall, doesnt_xom_only_xom,
          corexii_item_surrounded_by_moat, interstate_on_off
D:6:      led_sif_book, grunt_dithmenos_smoke_and_mirrors,
          minmay_temple_entry_junction_2

Skill      XL: |  1  2  3  4  5  6  7 |
---------------+----------------------+-----
Long Blades    | 3 4 5 6 |  6.5
Dodging        | 3 4 |  4.9
Fighting       | 3 4 |  4.9
Throwing       | |  1.7

Action                   |  1- 3 |  4- 6 |  7- 9 || total
-------------------------+-------+-------+-------++-------
Melee: Long sword        |    64 |   189 |   127 ||   380
       Kick              |    17 |    43 |    44 ||   104
  Use: Scroll            |       |     1 |     1 ||     2
 Stab: Sleeping          |     2 |     3 |     1 ||     6
  Eat: Chunk             |     1 |    10 |     2 ||    13
       Ration            |       |       |     1 ||     1
Armor: Leather armour    |     9 |     8 |       ||    17
       Ring mail         |       |    62 |    36 ||    98
Dodge: Dodged            |    43 |   123 |    71 ||   237
       Rpst.: Long sword |    14 |    39 |    21 ||    74

Table legend:
 A = Spawn XP
 B = Non-spawn XP
 C = Spawn XP percentage of total XP
 D = Spawn monster count
 E = Non-spawn monster count
 F = Spawn count percentage of total count
 G = Total turns spent on level
                    A         B        C        D         E        F      G
               +---------+---------+-------+---------+---------+-------+---------
         Total |       0 |    1427 |   0.0 |       0 |      98 |   0.0 |  5887
               +---------+---------+-------+---------+---------+-------+---------
           D:1 |       0 |      48 |   0.0 |       0 |      19 |   0.0 |   936
           D:2 |       0 |     114 |   0.0 |       0 |      26 |   0.0 |  1250
           D:3 |       0 |     135 |   0.0 |       0 |      14 |   0.0 |   722
           D:4 |       0 |     369 |   0.0 |       0 |      19 |   0.0 |  1636
           D:5 |       0 |      78 |   0.0 |       0 |       5 |   0.0 |   860
           D:6 |       0 |     683 |   0.0 |       0 |      15 |   0.0 |   483
               +---------+---------+-------+---------+---------+-------+---------
